[ AOE2 MATCH · #497354853 ]
UnrankedBurgundians vs Maya
[ REPLAY ANALYSIS · EXTRACTED FROM THE RECORDED GAME ]
Feudal
10:15
Castle
—
Imperial
—
| APM avg | 48.1 |
| APM peak | 91 |
| eAPM avg | 25.5 |
| Villagers / military | 29 / 2 |
Focus
⚔️ 52.6% · 🌾 47.4%
Flemish Militia ×2
Feudal
—
Castle
—
Imperial
—
| APM avg | 58.2 |
| APM peak | 107 |
| eAPM avg | 21.4 |
| Villagers / military | 41 / 0 |
Focus
⚔️ 36.0% · 🌾 64.0%
Feudal
10:04
Castle
—
Imperial
—
| APM avg | 81.1 |
| APM peak | 108 |
| eAPM avg | 34.6 |
| Villagers / military | 34 / 10 |
Focus
⚔️ 18.8% · 🌾 81.2%
Archer ×9 · Skirmisher ×1
Feudal
10:06
Castle
14:41
Imperial
—
| APM avg | 46.9 |
| APM peak | 68 |
| eAPM avg | 15.9 |
| Villagers / military | 22 / 0 |
Focus
⚔️ 35.2% · 🌾 64.8%
Feudal
9:02
Castle
—
Imperial
—
| APM avg | 39.3 |
| APM peak | 63 |
| eAPM avg | 15.2 |
| Villagers / military | 24 / 14 |
Focus
⚔️ 23.3% · 🌾 76.7%
Militia ×14
Feudal
8:57
Castle
—
Imperial
—
| APM avg | 59.2 |
| APM peak | 77 |
| eAPM avg | 22.8 |
| Villagers / military | 34 / 10 |
Focus
⚔️ 54.0% · 🌾 46.0%
Scout Cavalry ×10
Feudal
10:11
Castle
—
Imperial
—
| APM avg | 56.2 |
| APM peak | 78 |
| eAPM avg | 23.1 |
| Villagers / military | 31 / 8 |
Focus
⚔️ 35.9% · 🌾 64.1%
Scout Cavalry ×7 · Spearman ×1
Feudal
—
Castle
—
Imperial
—
| APM avg | 42.1 |
| APM peak | 73 |
| eAPM avg | 20.2 |
| Villagers / military | 29 / 0 |
Focus
⚔️ 24.7% · 🌾 75.3%
Match map
Initial resources + every placement click. Lines = walls · curves = elevation contours. ◆ gold · ⬟ stone · ● berries · ✦ relic · ◌ wall gap
Your base· Open — unwalled flank
Zni.Locuss's base· Open — unwalled flank
银背小猩猩's base· Open — unwalled flank
Fireworks's base· Open — 5t gap
LiBi's base· Open — unwalled flank
夏天九号's base· Open — unwalled flank
Sumi's base· Open — unwalled flank
sadys's base· Open — 11t gap
Smoothed initial terrain · ◌ = detected wall gap · hover for details
Inputs per minute
— 邪惡貓貓頭ಥ_ಥ - - Zni.Locuss
Build order — 邪惡貓貓頭ಥ_ಥ
63 actions detected in the replay
| 0:01 | Queue | Villager (Male) |
| 0:01 | Queue | Villager (Male) |
| 0:01 | Queue | Villager (Male) |
| 0:02 | Build | House |
| 0:03 | Build | House |
| 0:07 | Queue | Villager (Male) |
| 1:26 | Queue | Villager (Male) |
| 1:26 | Queue | Villager (Male) |
| 1:26 | Queue | Villager (Male) |
| 2:03 | Queue | Villager (Male) |
| 2:03 | Queue | Villager (Male) |
| 2:03 | Queue | Villager (Male) |
| 2:20 | Research | Loom |
| 2:27 | Build | Lumber Camp |
| 2:57 | Queue | Villager (Male) |
| 2:58 | Queue | Villager (Male) |
| 3:06 | Queue | Villager (Male) |
| 3:07 | Queue | Villager (Male) |
| 3:41 | Queue | Villager (Male) |
| 4:11 | Build | House |
| 4:37 | Queue | Villager (Male) |
| 5:03 | Queue | Villager (Male) |
| 5:12 | Build | Mill |
| 5:16 | Queue | Villager (Male) |
| 5:28 | Queue | Villager (Male) |
| 5:40 | Queue | Villager (Male) |
| 6:00 | Queue | Villager (Male) |
| 6:48 | Build | House |
| 7:15 | Queue | Villager (Male) |
| 7:35 | Build | Mill |
| 8:05 | Research | Feudal Age |
| 8:05 | Research | Feudal Age |
| 9:01 | Build | Barracks |
| 9:25 | Build | Mining Camp |
| 9:33 | Build | Palisade Wall |
| 9:36 | Build | Palisade Wall |
| 9:44 | Queue | Villager (Male) |
| 9:53 | Build | Palisade Wall |
| 9:56 | Build | House |
| 9:57 | Build | Palisade Wall |
| 9:58 | Build | Palisade Wall |
| 10:15 | Age | Feudal Age |
| 10:17 | Queue | Flemish Militia |
| 10:24 | Queue | Flemish Militia |
| 10:26 | Queue | Villager (Male) |
| 10:43 | Build | Watch Tower |
| 11:06 | Queue | Villager (Male) |
| 11:19 | Build | House |
| 11:20 | Build | House |
| 11:22 | Build | House |
| 11:27 | Build | Farm |
| 11:29 | Queue | Villager (Male) |
| 12:21 | Build | Farm |
| 12:21 | Build | Farm |
| 12:22 | Build | Farm |
| 12:25 | Build | Farm |
| 12:25 | Build | Farm |
| 12:28 | Build | House |
| 12:30 | Build | House |
| 12:36 | Queue | Villager (Male) |
| 13:21 | Queue | Villager (Male) |
| 13:56 | Build | Archery Range |
| 14:00 | Queue | Villager (Male) |
Build order — Zni.Locuss
68 actions detected in the replay
| 0:01 | Queue | Villager (Male) |
| 0:02 | Build | House |
| 0:03 | Build | House |
| 0:12 | Research | Loom |
| 0:17 | Queue | Villager (Male) |
| 0:17 | Queue | Villager (Male) |
| 0:18 | Queue | Villager (Male) |
| 0:27 | Queue | Villager (Male) |
| 0:27 | Queue | Villager (Male) |
| 1:45 | Queue | Villager (Male) |
| 1:45 | Queue | Villager (Male) |
| 2:09 | Queue | Villager (Male) |
| 2:10 | Queue | Villager (Male) |
| 2:25 | Build | Lumber Camp |
| 2:29 | Queue | Villager (Male) |
| 3:22 | Build | House |
| 3:34 | Queue | Villager (Male) |
| 3:35 | Queue | Villager (Male) |
| 3:35 | Queue | Villager (Male) |
| 3:47 | Queue | Villager (Male) |
| 3:47 | Queue | Villager (Male) |
| 4:16 | Queue | Villager (Male) |
| 4:43 | Build | Palisade Wall |
| 4:46 | Build | Palisade Wall |
| 4:48 | Build | Palisade Wall |
| 4:48 | Build | Palisade Wall |
| 4:59 | Queue | Villager (Male) |
| 4:59 | Queue | Villager (Male) |
| 5:31 | Build | Town Center |
| 5:45 | Build | Palisade Wall |
| 5:48 | Build | House |
| 6:21 | Queue | Villager (Male) |
| 6:21 | Queue | Villager (Male) |
| 7:35 | Build | Palisade Wall |
| 7:37 | Build | Palisade Wall |
| 7:58 | Build | Palisade Wall |
| 8:05 | Queue | Villager (Male) |
| 8:05 | Queue | Villager (Male) |
| 8:08 | Build | House |
| 8:41 | Queue | Villager (Male) |
| 8:52 | Build | House |
| 9:11 | Queue | Villager (Male) |
| 9:11 | Queue | Villager (Male) |
| 9:17 | Build | House |
| 9:43 | Queue | Villager (Male) |
| 10:12 | Build | Town Center |
| 10:16 | Build | Palisade Wall |
| 10:18 | Build | Palisade Wall |
| 10:51 | Queue | Villager (Male) |
| 10:51 | Queue | Villager (Male) |
| 11:43 | Build | Mill |
| 11:55 | Build | House |
| 12:24 | Queue | Villager (Male) |
| 12:24 | Queue | Villager (Male) |
| 12:45 | Queue | Villager (Male) |
| 12:46 | Queue | Villager (Male) |
| 13:16 | Build | Farm |
| 13:19 | Queue | Villager (Male) |
| 13:20 | Queue | Villager (Male) |
| 13:54 | Queue | Villager (Male) |
| 13:54 | Queue | Villager (Male) |
| 13:58 | Build | Farm |
| 14:11 | Build | Palisade Wall |
| 14:13 | Build | Palisade Wall |
| 14:21 | Queue | Villager (Male) |
| 14:22 | Queue | Villager (Male) |
| 14:38 | Queue | Villager (Male) |
| 14:38 | Queue | Villager (Male) |
Build order — 银背小猩猩
80 actions detected in the replay
| 0:01 | Research | Loom |
| 0:01 | Queue | Villager (Male) |
| 0:02 | Queue | Villager (Male) |
| 0:03 | Build | House |
| 0:05 | Build | House |
| 0:08 | Queue | Villager (Male) |
| 0:08 | Queue | Villager (Male) |
| 1:36 | Queue | Villager (Male) |
| 1:36 | Queue | Villager (Male) |
| 1:58 | Queue | Villager (Male) |
| 1:58 | Queue | Villager (Male) |
| 2:23 | Build | Lumber Camp |
| 2:30 | Queue | Villager (Male) |
| 2:31 | Queue | Villager (Male) |
| 3:18 | Queue | Villager (Male) |
| 3:21 | Build | House |
| 3:35 | Queue | Villager (Male) |
| 3:35 | Queue | Villager (Male) |
| 3:50 | Queue | Villager (Male) |
| 4:11 | Queue | Villager (Male) |
| 4:30 | Queue | Villager (Male) |
| 4:44 | Build | Palisade Wall |
| 4:51 | Build | Palisade Wall |
| 4:57 | Build | Palisade Wall |
| 5:05 | Queue | Villager (Male) |
| 5:05 | Queue | Villager (Male) |
| 5:13 | Build | Mill |
| 5:35 | Queue | Villager (Male) |
| 6:11 | Queue | Villager (Male) |
| 6:34 | Queue | Villager (Male) |
| 6:44 | Build | House |
| 6:51 | Build | Mill |
| 7:54 | Research | Feudal Age |
| 8:26 | Build | Mining Camp |
| 9:11 | Build | Barracks |
| 10:04 | Age | Feudal Age |
| 10:06 | Build | Archery Range |
| 10:13 | Queue | Villager (Male) |
| 10:15 | Research | Double-Bit Axe |
| 10:16 | Research | Double-Bit Axe |
| 10:37 | Build | House |
| 10:51 | Queue | Archer |
| 10:51 | Queue | Archer |
| 11:11 | Queue | Villager (Male) |
| 11:11 | Queue | Villager (Male) |
| 11:26 | Queue | Archer |
| 11:40 | Build | House |
| 11:58 | Queue | Villager (Male) |
| 11:58 | Queue | Villager (Male) |
| 12:02 | Build | House |
| 12:19 | Build | Farm |
| 12:20 | Build | Farm |
| 12:32 | Build | Watch Tower |
| 12:36 | Build | Farm |
| 12:39 | Queue | Skirmisher |
| 12:39 | Queue | Archer |
| 12:40 | Queue | Archer |
| 12:48 | Queue | Villager (Male) |
| 12:49 | Queue | Villager (Male) |
| 12:51 | Build | House |
| 13:00 | Queue | Archer |
| 13:16 | Queue | Villager (Male) |
| 13:16 | Queue | Villager (Male) |
| 13:21 | Build | Blacksmith |
| 13:29 | Build | House |
| 13:42 | Build | House |
| 13:43 | Build | Palisade Wall |
| 13:43 | Build | Palisade Wall |
| 13:44 | Build | Palisade Wall |
| 13:45 | Build | Palisade Wall |
| 13:49 | Queue | Archer |
| 13:49 | Queue | Archer |
| 13:54 | Queue | Villager (Male) |
| 13:54 | Queue | Villager (Male) |
| 14:14 | Build | House |
| 14:17 | Queue | Archer |
| 14:19 | Queue | Villager (Male) |
| 14:21 | Build | Farm |
| 14:32 | Queue | Villager (Male) |
| 14:51 | Research | Fletching |
Build order — Fireworks
42 actions detected in the replay
| 0:01 | Queue | Villager (Male) |
| 0:01 | Queue | Villager (Male) |
| 0:01 | Queue | Villager (Male) |
| 0:03 | Build | House |
| 0:04 | Build | House |
| 0:11 | Queue | Villager (Male) |
| 1:30 | Queue | Villager (Male) |
| 2:03 | Queue | Villager (Male) |
| 2:08 | Queue | Villager (Male) |
| 2:21 | Build | Settlement |
| 2:53 | Queue | Villager (Male) |
| 3:12 | Queue | Villager (Male) |
| 3:40 | Queue | Villager (Male) |
| 4:10 | Queue | Villager (Male) |
| 4:14 | Queue | Villager (Male) |
| 4:59 | Queue | Villager (Male) |
| 5:00 | Queue | Villager (Male) |
| 5:07 | Build | Settlement |
| 5:44 | Queue | Villager (Male) |
| 5:56 | Queue | Villager (Male) |
| 6:07 | Queue | Villager (Male) |
| 6:38 | Queue | Villager (Male) |
| 6:39 | Research | Loom |
| 7:01 | Build | Settlement |
| 7:23 | Research | Feudal Age |
| 9:14 | Build | Palisade Wall |
| 9:21 | Build | Palisade Wall |
| 10:00 | Queue | Villager (Male) |
| 10:03 | Queue | Villager (Male) |
| 10:06 | Age | Feudal Age |
| 10:14 | Build | House |
| 10:39 | Build | Palisade Wall |
| 10:39 | Build | Palisade Wall |
| 10:43 | Build | Market |
| 10:45 | Build | Blacksmith |
| 11:49 | Build | Palisade Wall |
| 11:50 | Build | Palisade Wall |
| 12:01 | Research | Castle Age |
| 14:41 | Age | Castle Age |
| 14:45 | Build | Castle |
| 14:49 | Queue | Villager (Male) |
| 14:57 | Queue | Villager (Male) |
Build order — LiBi
62 actions detected in the replay
| 0:00 | Queue | Villager (Male) |
| 0:00 | Queue | Villager (Male) |
| 0:01 | Queue | Villager (Male) |
| 0:01 | Queue | Villager (Male) |
| 0:04 | Build | House |
| 0:13 | Build | House |
| 1:24 | Queue | Villager (Male) |
| 1:49 | Queue | Villager (Male) |
| 2:18 | Queue | Villager (Male) |
| 2:31 | Queue | Villager (Male) |
| 2:53 | Queue | Villager (Male) |
| 2:54 | Queue | Villager (Male) |
| 3:10 | Queue | Villager (Male) |
| 3:24 | Build | House |
| 3:32 | Build | Lumber Camp |
| 3:37 | Queue | Villager (Male) |
| 3:43 | Queue | Villager (Male) |
| 4:52 | Queue | Villager (Male) |
| 5:07 | Build | House |
| 5:15 | Queue | Villager (Male) |
| 5:33 | Queue | Villager (Male) |
| 5:52 | Queue | Villager (Male) |
| 6:05 | Research | Loom |
| 6:06 | Queue | Villager (Male) |
| 6:19 | Build | Barracks |
| 6:52 | Research | Feudal Age |
| 7:12 | Queue | Militia |
| 7:13 | Queue | Militia |
| 7:37 | Build | Mill |
| 8:18 | Build | Mining Camp |
| 8:29 | Queue | Villager (Male) |
| 9:02 | Age | Feudal Age |
| 9:15 | Queue | Villager (Male) |
| 9:33 | Research | Man-at-Arms (upgrade) |
| 9:37 | Build | Blacksmith |
| 9:45 | Queue | Villager (Male) |
| 10:03 | Queue | Militia |
| 10:20 | Build | House |
| 10:29 | Build | Farm |
| 10:30 | Build | Farm |
| 10:39 | Queue | Militia |
| 10:48 | Queue | Villager (Male) |
| 11:22 | Build | Farm |
| 11:44 | Research | Scale Mail Armor |
| 11:51 | Queue | Militia |
| 11:58 | Build | Farm |
| 12:01 | Build | Farm |
| 12:14 | Queue | Militia |
| 12:27 | Queue | Militia |
| 12:28 | Queue | Militia |
| 12:46 | Queue | Militia |
| 12:56 | Queue | Militia |
| 13:10 | Queue | Militia |
| 13:28 | Queue | Militia |
| 13:37 | Queue | Militia |
| 13:46 | Queue | Villager (Male) |
| 13:57 | Queue | Militia |
| 14:02 | Build | House |
| 14:22 | Build | House |
| 14:23 | Build | House |
| 14:30 | Queue | Villager (Male) |
| 14:43 | Build | Lumber Camp |
Build order — 夏天九号
74 actions detected in the replay
| 0:01 | Queue | Villager (Male) |
| 0:01 | Queue | Villager (Male) |
| 0:01 | Queue | Villager (Male) |
| 0:02 | Queue | Villager (Male) |
| 0:02 | Build | House |
| 0:04 | Build | House |
| 1:24 | Queue | Villager (Male) |
| 1:24 | Queue | Villager (Male) |
| 1:54 | Build | Lumber Camp |
| 1:58 | Queue | Villager (Male) |
| 1:58 | Queue | Villager (Male) |
| 2:26 | Queue | Villager (Male) |
| 2:26 | Queue | Villager (Male) |
| 3:08 | Queue | Villager (Male) |
| 3:08 | Queue | Villager (Male) |
| 3:09 | Queue | Villager (Male) |
| 3:23 | Build | House |
| 3:54 | Build | House |
| 4:01 | Queue | Villager (Male) |
| 4:02 | Queue | Villager (Male) |
| 4:02 | Queue | Villager (Male) |
| 4:02 | Queue | Villager (Male) |
| 4:22 | Queue | Villager (Male) |
| 4:51 | Build | Mill |
| 5:39 | Queue | Villager (Male) |
| 5:39 | Research | Loom |
| 6:47 | Research | Feudal Age |
| 6:47 | Research | Feudal Age |
| 7:41 | Build | Barracks |
| 8:00 | Queue | Villager (Male) |
| 8:57 | Age | Feudal Age |
| 9:00 | Build | Stable |
| 9:04 | Research | Double-Bit Axe |
| 9:05 | Queue | Villager (Male) |
| 9:26 | Queue | Villager (Male) |
| 9:34 | Build | Farm |
| 9:39 | Build | House |
| 9:43 | Queue | Scout Cavalry |
| 9:43 | Queue | Scout Cavalry |
| 10:05 | Queue | Villager (Male) |
| 10:07 | Build | Farm |
| 10:11 | Queue | Scout Cavalry |
| 10:16 | Build | House |
| 10:30 | Queue | Villager (Male) |
| 10:33 | Build | Farm |
| 10:43 | Queue | Villager (Male) |
| 10:47 | Queue | Scout Cavalry |
| 10:50 | Build | Farm |
| 11:07 | Queue | Villager (Male) |
| 11:10 | Build | Farm |
| 11:49 | Queue | Villager (Male) |
| 11:50 | Queue | Scout Cavalry |
| 11:51 | Queue | Scout Cavalry |
| 12:07 | Queue | Villager (Male) |
| 12:09 | Build | Farm |
| 12:10 | Build | Farm |
| 12:11 | Build | Farm |
| 12:12 | Build | Farm |
| 12:15 | Queue | Scout Cavalry |
| 12:27 | Queue | Scout Cavalry |
| 12:34 | Build | House |
| 12:49 | Queue | Villager (Male) |
| 13:15 | Queue | Villager (Male) |
| 13:17 | Build | Blacksmith |
| 13:21 | Queue | Scout Cavalry |
| 13:25 | Build | Mining Camp |
| 13:27 | Queue | Villager (Male) |
| 13:45 | Queue | Villager (Male) |
| 13:49 | Build | House |
| 13:54 | Queue | Scout Cavalry |
| 14:20 | Research | Scale Barding Armor |
| 14:34 | Queue | Villager (Male) |
| 14:44 | Build | House |
| 15:06 | Queue | Villager (Male) |
Build order — Sumi
72 actions detected in the replay
| 0:03 | Queue | Villager (Male) |
| 0:03 | Queue | Villager (Male) |
| 0:03 | Queue | Villager (Male) |
| 0:03 | Queue | Villager (Male) |
| 0:04 | Build | House |
| 0:06 | Build | House |
| 1:33 | Queue | Villager (Male) |
| 1:33 | Queue | Villager (Male) |
| 1:52 | Build | Lumber Camp |
| 1:56 | Queue | Villager (Male) |
| 1:56 | Queue | Villager (Male) |
| 2:12 | Queue | Villager (Male) |
| 2:12 | Queue | Villager (Male) |
| 2:41 | Queue | Villager (Male) |
| 2:42 | Queue | Villager (Male) |
| 2:58 | Queue | Villager (Male) |
| 3:12 | Build | House |
| 3:18 | Queue | Villager (Male) |
| 3:18 | Queue | Villager (Male) |
| 3:48 | Queue | Villager (Male) |
| 4:06 | Build | Mill |
| 4:14 | Queue | Villager (Male) |
| 4:14 | Queue | Villager (Male) |
| 4:42 | Queue | Villager (Male) |
| 4:42 | Queue | Villager (Male) |
| 4:50 | Build | House |
| 5:12 | Queue | Villager (Male) |
| 6:04 | Build | Palisade Wall |
| 6:06 | Build | Palisade Wall |
| 6:17 | Research | Loom |
| 6:43 | Queue | Villager (Male) |
| 6:54 | Queue | Villager (Male) |
| 8:02 | Research | Feudal Age |
| 8:21 | Build | Barracks |
| 8:52 | Queue | Villager (Male) |
| 8:58 | Build | House |
| 9:00 | Build | Palisade Wall |
| 9:38 | Build | House |
| 10:11 | Age | Feudal Age |
| 10:20 | Build | Stable |
| 10:20 | Queue | Villager (Male) |
| 10:21 | Queue | Villager (Male) |
| 10:24 | Build | Farm |
| 10:37 | Research | Double-Bit Axe |
| 10:54 | Build | Palisade Wall |
| 11:09 | Build | Farm |
| 11:13 | Queue | Scout Cavalry |
| 11:13 | Queue | Scout Cavalry |
| 11:18 | Build | House |
| 11:22 | Build | Palisade Wall |
| 11:31 | Queue | Spearman |
| 11:31 | Queue | Villager (Male) |
| 11:53 | Queue | Scout Cavalry |
| 12:00 | Build | Farm |
| 12:01 | Build | Farm |
| 12:16 | Queue | Villager (Male) |
| 12:35 | Build | Farm |
| 12:38 | Build | Farm |
| 12:38 | Build | Farm |
| 12:38 | Build | Farm |
| 12:50 | Queue | Scout Cavalry |
| 12:53 | Build | Farm |
| 12:55 | Build | Farm |
| 13:18 | Queue | Scout Cavalry |
| 13:28 | Queue | Villager (Male) |
| 13:29 | Build | Farm |
| 13:46 | Build | Farm |
| 13:47 | Queue | Scout Cavalry |
| 14:02 | Queue | Villager (Male) |
| 14:02 | Queue | Villager (Male) |
| 14:17 | Queue | Scout Cavalry |
| 14:22 | Build | Blacksmith |
Build order — sadys
44 actions detected in the replay
| 0:03 | Queue | Villager (Male) |
| 0:03 | Queue | Villager (Male) |
| 0:05 | Build | House |
| 0:15 | Queue | Villager (Male) |
| 0:15 | Queue | Villager (Male) |
| 1:30 | Queue | Villager (Male) |
| 1:30 | Queue | Villager (Male) |
| 1:51 | Build | Palisade Gate |
| 1:59 | Queue | Villager (Male) |
| 1:59 | Queue | Villager (Male) |
| 2:13 | Build | House |
| 2:18 | Queue | Villager (Male) |
| 2:18 | Queue | Villager (Male) |
| 2:48 | Queue | Villager (Male) |
| 2:49 | Queue | Villager (Male) |
| 2:49 | Queue | Villager (Male) |
| 3:04 | Build | Mill |
| 3:23 | Queue | Villager (Male) |
| 3:29 | Queue | Villager (Male) |
| 3:35 | Research | Loom |
| 3:35 | Research | Loom |
| 3:55 | Queue | Villager (Male) |
| 4:14 | Queue | Villager (Male) |
| 4:40 | Queue | Villager (Male) |
| 4:58 | Queue | Villager (Male) |
| 5:03 | Build | House |
| 5:25 | Queue | Villager (Male) |
| 5:42 | Queue | Villager (Male) |
| 6:25 | Queue | Villager (Male) |
| 6:41 | Queue | Villager (Male) |
| 7:50 | Build | Mill |
| 8:19 | Queue | Villager (Male) |
| 8:19 | Queue | Villager (Male) |
| 8:26 | Build | Lumber Camp |
| 12:28 | Build | Town Center |
| 12:37 | Build | Palisade Wall |
| 12:41 | Build | Palisade Wall |
| 12:46 | Build | Palisade Wall |
| 12:49 | Build | Palisade Wall |
| 12:51 | Build | Palisade Wall |
| 13:53 | Queue | Villager (Male) |
| 13:53 | Queue | Villager (Male) |
| 14:02 | Queue | Villager (Male) |
| 14:15 | Queue | Villager (Male) |
Match timeline
| 4:43 | Zni.Locuss · wall_segment Palisade Wall x1 |
| 4:44 | 银背小猩猩 · wall_segment Palisade Wall x1 |
| 4:46 | Zni.Locuss · wall_segment Palisade Wall x1 |
| 4:48 | Zni.Locuss · wall_segment Palisade Wall x1 |
| 4:48 | Zni.Locuss · wall_segment Palisade Wall x1 |
| 4:51 | 银背小猩猩 · wall_segment Palisade Wall x1 |
| 4:57 | 银背小猩猩 · wall_segment Palisade Wall x1 |
| 5:45 | Zni.Locuss · wall_segment Palisade Wall x1 |
| 6:04 | Sumi · wall_segment Palisade Wall x2 |
| 6:06 | Sumi · wall_segment Palisade Wall x1 |
| 6:19 | LiBi · first_building Barracks |
| 7:35 | Zni.Locuss · wall_segment Palisade Wall x1 |
| 7:37 | Zni.Locuss · wall_segment Palisade Wall x1 |
| 7:41 | 夏天九号 · first_building Barracks |
| 7:58 | Zni.Locuss · wall_segment Palisade Wall x1 |
| 8:21 | Sumi · first_building Barracks |
| 8:57 | 夏天九号 · age_up feudal |
| 9:00 | 夏天九号 · first_building Stable |
| 9:00 | Sumi · wall_segment Palisade Wall x3 |
| 9:01 | 邪惡貓貓頭ಥ_ಥ · first_building Barracks |
| 9:02 | LiBi · age_up feudal |
| 9:11 | 银背小猩猩 · first_building Barracks |
| 9:14 | Fireworks · wall_segment Palisade Wall x8 |
| 9:21 | Fireworks · wall_segment Palisade Wall x9 |
| 9:33 | 邪惡貓貓頭ಥ_ಥ · wall_segment Palisade Wall x1 |
| 9:36 | 邪惡貓貓頭ಥ_ಥ · wall_segment Palisade Wall x1 |
| 9:53 | 邪惡貓貓頭ಥ_ಥ · wall_segment Palisade Wall x1 |
| 9:57 | 邪惡貓貓頭ಥ_ಥ · wall_segment Palisade Wall x1 |
| 9:58 | 邪惡貓貓頭ಥ_ಥ · wall_segment Palisade Wall x1 |
| 10:04 | 银背小猩猩 · age_up feudal |
| 10:06 | Fireworks · age_up feudal |
| 10:06 | 银背小猩猩 · first_building Archery Range |
| 10:11 | Sumi · age_up feudal |
| 10:15 | 邪惡貓貓頭ಥ_ಥ · age_up feudal |
| 10:16 | Zni.Locuss · wall_segment Palisade Wall x1 |
| 10:18 | Zni.Locuss · wall_segment Palisade Wall x1 |
| 10:20 | Sumi · first_building Stable |
| 10:39 | Fireworks · wall_segment Palisade Wall x1 |
| 10:39 | Fireworks · wall_segment Palisade Wall x1 |
| 10:54 | Sumi · wall_segment Palisade Wall x9 |
| 11:22 | Sumi · wall_segment Palisade Wall x13 |
| 11:49 | Fireworks · wall_segment Palisade Wall x1 |
| 11:50 | Fireworks · wall_segment Palisade Wall x1 |
| 12:37 | sadys · wall_segment Palisade Wall x1 |
| 12:41 | sadys · wall_segment Palisade Wall x1 |
| 12:46 | sadys · wall_segment Palisade Wall x1 |
| 12:49 | sadys · wall_segment Palisade Wall x2 |
| 12:51 | sadys · wall_segment Palisade Wall x1 |
| 13:43 | 银背小猩猩 · wall_segment Palisade Wall x1 |
| 13:43 | 银背小猩猩 · wall_segment Palisade Wall x1 |
| 13:44 | 银背小猩猩 · wall_segment Palisade Wall x1 |
| 13:45 | 银背小猩猩 · wall_segment Palisade Wall x1 |
| 13:56 | 邪惡貓貓頭ಥ_ಥ · first_building Archery Range |
| 14:11 | Zni.Locuss · wall_segment Palisade Wall x1 |
| 14:13 | Zni.Locuss · wall_segment Palisade Wall x1 |
| 14:20 | 邪惡貓貓頭ಥ_ಥ · resign |
| 14:41 | Fireworks · age_up castle |
| 14:45 | Fireworks · first_building Castle |
[ AI ANALYSIS · 1 CREDIT ]
What really happened in this match?
Wolo.gg analyzes every decision: build order, eco, micro, common mistakes by bracket. Personalized analysis on WhatsApp or Discord in 30 seconds.
Civ guide
Burgundians
Perfil
Jugador #20607095